 Dungeon Sprint DCSS version 0.30-a0-626-gd6a5dd7a1f (webtiles) character file.

Game seed: 1276857617105923791

533027 BigDaddyOpFi the Axe Maniac (level 21, -15/224 HPs)
             Began as a Hill Orc Fighter on Jan 11, 2023.
             Was a Believer of Qazlal.
             Demolished by Dispater
             ... wielding the +4 staff of Dispater
              (27 damage)
             ... in the Dungeon (Sprint IX: "|||||||||||||||||||||||||||||").
             The game lasted 00:36:34 (19258 turns).

BigDaddyOpFi the Axe Maniac (Hill Orc Fighter)     Turns: 19258, Time: 00:36:35

Health: -15/224    AC: 47    Str: 30    XL:     21   Next: 20%
Magic:  38/38      EV: 25    Int:  8    God:    Qazlal [**....]
Gold:   569        SH: 34    Dex: 19    Spells: 41/41 levels left

rFire   + + .      SeeInvis .    n - +8 mithril axe "Arga" {speed, Will+}
rCold   + + .      Faith    .    p - +5 tower shield
rNeg    . . .      Spirit   .    P - +11 gold dragon scales
rPois   +          Reflect  .    N - +0 hat
rElec   .          Harm     .    w - +0 cloak
rCorr   .          Rampage  .    c - +0 pair of gloves of the Silversmith {Slay+3}
Will    ++...      NoTele   +    M - +3 pair of mountain boots {steadfast, rC+}
Stlth   ++                       L - amulet of magic regeneration
HPRegen 0.57/turn                V - ring "Myitaosko" {rF+ Dex+5 Slay+3}
MPRegen 0.66/turn                Z - ring "Pexkup" {EV+3 Dex+4}

@: hasted, invisible, very quick
A: deterioration 1
}: 11/17 runes: decaying, serpentine, barnacled, slimy, elven, silver, golden,
bone, abyssal, dark, gossamer
a: Renounce Religion, Upheaval


You were in the Dungeon.
You worshipped Qazlal.
Qazlal was pleased with you.
You visited 1 branch You collected 999 gold pieces.
You spent 430 gold pieces at shops.

Inventory:

Hand Weapons
 e - the +7 sceptre of Asmodeus
   (You took it off Asmodeus in the Dungeon)

   It can be evoked to summon fiery demons, with success rate depending on
   Evocations skill.
   Those summoned this way will remain friendly only for a limited time.
 n - the +8 mithril axe "Arga" (weapon) {speed, Will+}
   (You found it in the Dungeon)

   Will:      It increases your willpower.
Armour
 c - the +0 pair of gloves of the Silversmith (worn) {Slay+3}
   (You found it in the Dungeon)

   Slay:      It affects your accuracy & damage with ranged weapons and melee
   (+3).
 p - a +5 tower shield (worn)
 w - a +0 cloak (worn)
 M - the +3 pair of mountain boots (worn) {steadfast, rC+}
   (You found it in the Dungeon)

   It prevents involuntary movement, except for blinking, teleportation, or
   banishment.
   rC:        It protects you from cold.
 N - a +0 hat (worn)
 O - a +0 pair of gloves of hurling
 P - +11 gold dragon scales (worn)
 S - a +0 tower shield of reflection
Jewellery
 H - a +5 ring of evasion
 K - a ring of wizardry
 L - an amulet of magic regeneration (around neck)
 T - a ring of magical power
 V - the ring "Myitaosko" (left hand) {rF+ Dex+5 Slay+3}
   (You found it in the Dungeon)

   [ring of protection from fire]

   Dex:       It affects your dexterity (+5).
   Slay:      It affects your accuracy & damage with ranged weapons and melee
   (+3).
   rF:        It protects you from fire.
 W - the ring "Mawa" {Wiz Str+7}
   (You found it in the Dungeon)

   [ring of wizardry]

   It improves your spell success rate.
   Str:       It affects your strength (+7).
 X - the ring of Diriagg {Fire Will+ Int+3 Stlth-}
   (You found it in the Dungeon)

   [ring of fire]

   It enhances your fire magic.
   Int:       It affects your intelligence (+3).
   rF:        It protects you from fire.
   rC:        It makes you vulnerable to cold.
   Will:      It increases your willpower.
   Stlth:     It makes you less stealthy.
 Y - the ring of the Moon {Wiz +Blink Str-2 Dex+7}
   (You found it in the Dungeon)

   [ring of wizardry]

   It improves your spell success rate.
   Str:       It affects your strength (-2).
   Dex:       It affects your dexterity (+7).
   +Blink:    It lets you blink.
 Z - the ring "Pexkup" (right hand) {EV+3 Dex+4}
   (You found it in the Dungeon)

   [ring of evasion]

   EV:        It affects your evasion (+3).
   Dex:       It affects your dexterity (+4).
Wands
 m - a wand of iceblast (7)
 F - a wand of digging (12)
 Q - a wand of flame (12) (quivered)
Scrolls
 b - a scroll of fog
 l - 2 scrolls of amnesia
 r - a scroll of silence
 t - 6 scrolls of fear
 x - a scroll of identify
 R - 4 scrolls of enchant weapon
Potions
 a - 3 potions of brilliance
 d - a potion of might
 g - a potion of haste
 h - 6 potions of magic
 i - 5 potions of berserk rage
 o - 2 potions of lignification
 u - 2 potions of attraction
 E - 6 potions of mutation
 G - 2 potions of flight
Miscellaneous
 q - the horn of Geryon
 U - a box of beasts


   Skills:
 O Level 27 Fighting
 O Level 27 Axes
 O Level 27 Armour
 O Level 27 Dodging
 O Level 27 Stealth
 O Level 27 Shields
 O Level 27 Unarmed Combat
 + Level 10.9 Spellcasting
 O Level 27 Invocations
 O Level 27 Evocations


You had 41 spell levels left.
You didn't know any spells.
Your spell library contained the following spells:

 Spells                   Type           Power      Damage    Failure   Level
 Alistair's Intoxication  Tmut/Pois      2%         N/A       100%        5
 Borgnjor's Vile Clutch   Necr/Erth      2%         N/A       100%        5
 Eringya's Noxious Bog    Tmut/Pois      2%         N/A       100%        6


Dungeon Overview and Level Annotations

Branches:
Dungeon (1/1)

Altars:
Cheibriados
Dithmenos
Elyvilon
Fedhas
Gozag
Hepliaklqana
Kikubaaqudgha
Makhleb
Nemelex Xobeh
Okawaru
Qazlal
Ru
Sif Muna
Trog
Uskayaw
Vehumet
Wu Jian
Xom
Yredelemnul
Zin
The Shining One
Beogh
Jiyva
Lugonu

Shops:
D *!!?

Annotations:
D Antaeus, Cerebov, Dispater, Lom Lobon


Innate Abilities, Weirdness & Mutations

Your body sometimes deteriorates upon taking damage.


Message History

The damnation engulfs Dispater.
Dispater completely resists.
The damnation engulfs the Hell Sentinel.
The Hell Sentinel completely resists.
You slash the Hell Sentinel!
The Hell Sentinel is heavily wounded.
You hit Dispater.
You block the Hell Sentinel's attack. x2
Dispater completely misses you.
You slash the Hell Sentinel!
The Hell Sentinel is heavily wounded.
You hit Dispater but do no damage.
Lom Lobon gestures.
Lom Lobon blinks!
You hit the Hell Sentinel.
The Hell Sentinel is severely wounded.
You hit Dispater. You barely miss the Hell Sentinel.
The Hell Sentinel is severely wounded.
You hit Dispater but do no damage.
The Hell Sentinel disappears in a puff of smoke!
The Hell Sentinel gestures at you.
The sphere of damnation explodes!
The damnation engulfs Dispater.
Dispater completely resists.
The damnation engulfs the Hell Sentinel.
The Hell Sentinel completely resists.
The damnation engulfs you!!!
* * * LOW HITPOINT WARNING * * *
The Hell Sentinel misses you. You block the Hell Sentinel's attack.
Dispater shouts, "Abandon hope, thou erky fly-bitten zombie-fodder!"
Dispater hits you but does no damage.
Unknown command.
You fade into invisibility!
You slice the Hell Sentinel!!
The Hell Sentinel is almost dead.
You slice Dispater!! You slash the Hell Sentinel!
The Hell Sentinel is almost dead.
You slash Dispater!
The winds around Lom Lobon calm down.
You block the Hell Sentinel's attack. x2
Antaeus, Guardian of Cocytus comes into view.
Dispater hits you with the +4 staff of Dispater!!
You die...

..'...................'...)).)).)
▓▓▓▓▓▓▓▓▓▓▓▓▓▓▓▓▓▓▓▓▓▓▓▓▓▓▓▓▓▓▓▓▓
.................................
▓▓▓▓▓▓▓▓▓▓▓▓▓▓▓▓▓▓▓▓▓▓▓▓▓▓▓▓▓▓▓▓▓
...'...........'.........'.......
▓▓▓▓▓▓▓▓▓▓▓▓▓▓▓▓▓▓▓▓▓▓▓▓▓▓▓▓▓▓▓▓▓
.................................
▓▓▓▓▓▓▓▓▓▓▓▓▓▓▓▓▓▓▓▓▓▓▓▓▓▓▓▓▓▓▓▓▓
.§§§§C.&.&1&@1.'.'...........
▓▓▓▓▓▓▓▓▓▓▓▓▓▓▓▓▓▓▓▓▓▓▓▓▓▓▓▓▓


You could see Antaeus, Cerebov (fast), Dispater, Lom Lobon and 2 Hell Sentinels.

Vanquished Creatures
  Asmodeus (D)
  the Royal Jelly (D)
  Ereshkigal (D)
  Gloorx Vloq (D)
  Mnoleg (D)
  4 orbs of fire (D)
  4 ancient liches (D)
  Mennas (D)
  Mara (D)
  5 royal mummies (D)
  Boris (D)
  2 Killer Klowns (D)
  Margery (D)
  Geryon (D)
  Jory (D)
  3 golden dragons (D)
  3 bone dragons (D)
  2 electric golems (D)
  4 tentacled monstrosities (D)
  A quicksilver dragon (D)
  3 deep elf blademasters (D)
  4 liches (D)
  A deep elf master archer (D)
  26 Orb Guardians (D)
  A tentacled starspawn (D)
  4 acid blobs (D)
  2 death cobs (D)
  13 sphinxes (D)
  7 shadow dragons (D)
  3 storm dragons (D)
  Kirke (D)
  2 tengu reavers (D)
  Donald (D)
  4 rockslimes (D)
  2 nagarajas (D)
  4 frost giants (D)
  Ilsuiw (D)
  2 fire giants (D)
  4 emperor scorpions (D)
  2 draconian knights (D)
  8 azure jellies (D)
  2 deep elf sorcerers (D)
  4 vault wardens (D)
  Aizul (D)
  2 ghost moths (D)
  2 draconian shifters (D)
  5 ironbound preservers (D)
  A draconian stormcaller (D)
  A very ugly thing (D)
  2 draconian annihilators (D)
  7 stone giants (D)
  A war gargoyle (D)
  8 vampire knights (D)
  4 quicksilver oozes (D)
  3 eleionomae (D)
  5 green draconians (D)
  A black draconian (D)
  A purple draconian (D)
  2 dire elephants (D)
  3 deep elf demonologists (D)
  3 white draconians (D)
  3 red draconians (D)
  A spark wasp (D)
  3 deep elf annihilators (D)
  3 ettins (D)
  4 yellow draconians (D)
  A deep elf death mage (D)
  An entropy weaver (D)
  9 merfolk impalers (D)
  3 mummy priests (D)
  5 fire dragons (D)
  2 yaktaur captains (D)
  Harold (D)
  A deep elf high priest (D)
  3 great orbs of eyes (D)
  9 hydras (D)
  6 ice dragons (D)
  An ironbound frostheart (D)
  A death knight (D)
  3 centaur warriors (D)
  25 vault guards (D)
  4 merfolk aquamancers (D)
  An alligator (D)
  2 alligator snapping turtles (D)
  A satyr (D)
  2 radroaches (D)
  A deep troll shaman (D)
  2 tengu warriors (D)
  4 naga warriors (D)
  2 naga sharpshooters (D)
  A spriggan berserker (D)
  An orc high priest (D)
  A vampire mage (D)
  2 shock serpents (D)
  2 deep troll earth magi (D)
  A soul eater (D)
  4 hell knights (D)
  2 goliath frogs (D)
  A pharaoh ant (D)
  3 naga ritualists (D)
  6 swamp dragons (D)
  9 orc knights (D)
  A glowing orange brain (D)
  A bog body (D)
  2 phantasmal warriors (D)
  2 wizards (D)
  An oklob plant (D)
  2 lindwurms (D)
  3 necromancers (D)
  3 wolf spiders (D)
  3 ironbound convokers (D)
  2 manticores (D)
  Maurice (D)
  15 moths of wrath (D)
  An apocalypse crab (D)
  4 guardian serpents (D)
  2 cane toads (D)
  An orange demon (D)
  4 black mambas (D)
  A gargoyle (D)
  A smoke demon (D)
  A vault sentinel (D)
  2 naga magi (D)
  2 demonic crawlers (D)
  A freezing wraith (D)
  5 komodo dragons (D)
  20 guardian mummies (D)
  2 trolls (D)
  A polar bear (D)
  A wind drake (D)
  A bloated husk (D)
  A merfolk (D)
  A wandering mushroom (D)
  A blink frog (D)
  A hornet (D)
  2 snapping turtles (D)
  2 slime creatures (D)
  3 jumping spiders (D)
  A culicivora (D)
  12 spriggans (D)
  2 culicivoras (shapeshifter) (D)
  A wraith (D)
  A yak (D)
  2 basilisks (D)
  2 golden eyes (D)
  A neqoxec (D)
  Grum (D)
  A chaos spawn (D)
  2 redbacks (D)
  A vampire mosquito (D)
  4 hogs (D)
  A naga (D)
  4 wargs (D)
  4 water moccasins (D)
  A floating eye (shapeshifter) (D)
  2 hell hounds (D)
  A floating eye (D)
  16 orc warriors (D)
  A boggart (D)
  8 wolves (D)
  A necrophage (D)
  A hound (D)
  3 orc priests (D)
  An iguana (D)
  4 orc wizards (D)
  An ufetubus (D)
  10 orcs (D)
  3 endoplasms (D)
  A frilled lizard (D)
  A rat (D)
  4 ball lightnings (D)
525 creatures vanquished.

Vanquished Creatures (others)
  A vampire mage (D)
  3 ball lightnings (D)
4 creatures vanquished.

Grand Total: 529 creatures vanquished

Notes
Turn   | Place    | Note
-------+----------+-------------------------------------------
     0 | D        | BigDaddyOpFi the Hill Orc Fighter began the quest for the
                  | Orb.
     0 | D        | Reached XP level 1. HP: 19/19 MP: 1/1
    47 | D        | Noticed a necrophage
    47 | D        | Noticed an iguana
    47 | D        | Noticed a hound
    49 | D        | Reached XP level 2. HP: 28/28 MP: 2/2
    57 | D        | Reached skill level 5 in Fighting
    57 | D        | Reached skill level 5 in Axes
    57 | D        | Reached XP level 3. HP: 32/36 MP: 3/3
    65 | D        | Reached skill level 5 in Armour
    65 | D        | Reached skill level 5 in Shields
    65 | D        | Reached XP level 4. HP: 28/44 MP: 4/4
    72 | D        | Killed a necrophage
    73 | D        | Reached XP level 5. HP: 30/51 MP: 5/5
   343 | D        | Found a roughly hewn altar of Beogh.
   343 | D        | Found a snail-covered altar of Cheibriados.
   343 | D        | Found a shadowy altar of Dithmenos.
   343 | D        | Found a white marble altar of Elyvilon.
   343 | D        | Found a blossoming altar of Fedhas.
   343 | D        | Found an opulent altar of Gozag.
   344 | D        | Found a hazy altar of Hepliaklqana.
   345 | D        | Found a viscous altar of Jiyva.
   346 | D        | Found an ancient bone altar of Kikubaaqudgha.
   347 | D        | Found a corrupted altar of Lugonu.
   348 | D        | Found a burning altar of Makhleb.
   349 | D        | Found a sparkling altar of Nemelex Xobeh.
   350 | D        | Found an iron altar of Okawaru.
   351 | D        | Found a stormy altar of Qazlal.
   352 | D        | Found a sacrificial altar of Ru.
   353 | D        | Found a shimmering blue altar of Sif Muna.
   354 | D        | Found a bloodstained altar of Trog.
   355 | D        | Found a hide-covered altar of Uskayaw.
   356 | D        | Found a radiant altar of Vehumet.
   357 | D        | Found an ornate altar of the Wu Jian Council.
   358 | D        | Found a shimmering altar of Xom.
   359 | D        | Became a worshipper of Qazlal Stormbringer
   360 | D        | Found a basalt altar of Yredelemnul.
   361 | D        | Found a glowing silver altar of Zin.
   362 | D        | Found a glowing golden altar of the Shining One.
   370 | D        | Found the +8 mithril axe "Arga" {speed, Will+}
   413 | D        | Noticed a vampire mosquito
   413 | D        | Noticed a komodo dragon
   413 | D        | Noticed a troll
   413 | D        | Noticed a troll
   413 | D        | Noticed a gargoyle
   416 | D        | Killed a gargoyle
   417 | D        | Reached XP level 6. HP: 62/62 MP: 5/10
   420 | D        | Killed a troll
   421 | D        | Reached skill level 10 in Axes
   421 | D        | Reached XP level 7. HP: 63/71 MP: 5/12
   421 | D        | Reached * piety under Qazlal
   430 | D        | Killed a troll
   431 | D        | Reached skill level 10 in Fighting
   431 | D        | Reached XP level 8. HP: 49/79 MP: 6/14
   437 | D        | Killed a komodo dragon
   441 | D        | Reached ** piety under Qazlal
   442 | D        | Reached skill level 10 in Shields
   658 | D        | Noticed a centaur warrior
   658 | D        | Noticed a manticore
   658 | D        | Noticed a wraith
   658 | D        | Noticed a culicivora
   658 | D        | Noticed a slime creature
   658 | D        | Noticed a death knight
   665 | D        | Killed a death knight
   666 | D        | Reached skill level 10 in Armour
   666 | D        | Reached skill level 10 in Invocations
   666 | D        | Reached XP level 9. HP: 74/89 MP: 11/16
   674 | D        | Reached *** piety under Qazlal
   680 | D        | Killed a manticore
   689 | D        | Killed a centaur warrior
   690 | D        | Reached XP level 10. HP: 26/100 MP: 14/19
  1177 | D        | Noticed a black mamba
  1190 | D        | Reached **** piety under Qazlal
  1194 | D        | Killed a black mamba
  1212 | D        | Reached ***** piety under Qazlal
  1490 | D        | Noticed a black mamba
  1490 | D        | Noticed a cane toad
  1491 | D        | Killed a black mamba
  1491 | D        | Noticed a cane toad
  1492 | D        | Reached skill level 15 in Axes
  1492 | D        | Killed a cane toad
  1495 | D        | Noticed an oklob plant
  1497 | D        | Killed a cane toad
  1498 | D        | Reached XP level 11. HP: 99/111 MP: 6/21
  1701 | D        | Killed an oklob plant
  1969 | D        | Reached ****** piety under Qazlal
  1992 | D        | Reached skill level 15 in Fighting
  2066 | D        | Noticed Maurice
  2079 | D        | Killed Maurice
  2197 | D        | Noticed an orc knight
  2197 | D        | Noticed an orc high priest
  2201 | D        | Reached skill level 15 in Invocations
  2221 | D        | Killed an orc high priest
  2226 | D        | Killed an orc knight
  2364 | D        | Found Jelon's Magic Scroll Boutique.
  2364 | D        | Noticed an orc knight
  2364 | D        | Noticed an orc knight
  2370 | D        | Killed an orc knight
  2371 | D        | Found Viyxi's Distillery.
  2371 | D        | Noticed an orc knight
  2375 | D        | Killed an orc knight
  2376 | D        | Noticed an orc knight
  2377 | D        | Found Tizomowa's Distillery.
  2378 | D        | Noticed an orc knight
  2390 | D        | Killed an orc knight
  2391 | D        | Reached skill level 15 in Armour
  2391 | D        | Reached skill level 15 in Shields
  2393 | D        | Killed an orc knight
  2394 | D        | Found Pefemoni's Assorted Antiques.
  2397 | D        | Killed an orc knight
  2398 | D        | Reached XP level 12. HP: 74/124 MP: 9/24
  2636 | D        | Noticed Harold
  2648 | D        | Killed Harold
  2655 | D        | Noticed Grum
  2666 | D        | Killed Grum
  2738 | D        | Found the +8 arc blade {discharge, rElec}
  2813 | D        | Noticed a four-headed hydra
  2813 | D        | Noticed a centaur warrior
  2813 | D        | Noticed a centaur warrior
  2815 | D        | Killed a centaur warrior
  2819 | D        | Killed a centaur warrior
  2820 | D        | Noticed a four-headed hydra
  2821 | D        | Noticed a stone giant
  2825 | D        | Killed a four-headed hydra
  2827 | D        | Killed a stone giant
  2829 | D        | Killed a nine-headed hydra
  2830 | D        | Noticed a frost giant
  2977 | D        | Noticed a vampire mage
  2980 | D        | Noticed an ice dragon
  2980 | D        | Noticed a vampire knight
  2983 | D        | Noticed a spriggan berserker
  2986 | D        | Noticed a white very ugly thing
  2990 | D        | Killed a frost giant
  2990 | D        | Killed a vampire mage
  2991 | D        | Killed an ice dragon
  2991 | D        | Killed a vampire knight
  2991 | D        | Killed a spriggan berserker
  2991 | D        | Killed a white very ugly thing
  2992 | D        | Reached XP level 13. HP: 82/134 MP: 9/26
  3195 | D        | Noticed Donald
  3197 | D        | Noticed Kirke
  3203 | D        | Noticed Aizul
  3215 | D        | Killed Kirke
  3225 | D        | Killed Donald
  3241 | D        | Killed Aizul
  3522 | D        | Noticed a merfolk impaler
  3523 | D        | Noticed a merfolk impaler
  3524 | D        | Killed a merfolk impaler
  3524 | D        | Killed a merfolk impaler
  3984 | D        | Noticed an eleionoma
  3985 | D        | Killed an eleionoma
  3985 | D        | Killed an eleionoma
  3986 | D        | Reached XP level 14. HP: 149/149 MP: 19/28
  4312 | D        | Noticed a frost giant
  4312 | D        | Noticed a frost giant
  4312 | D        | Noticed a lich
  4312 | D        | Noticed a frost giant
  4316 | D        | Killed a frost giant
  4316 | D        | Killed a frost giant
  4319 | D        | Killed a frost giant
  4324 | D        | Killed a lich
  4325 | D        | Noticed a fire giant
  4343 | D        | Noticed a tengu reaver
  4343 | D        | Killed a tengu reaver
  4349 | D        | Killed a fire giant
  4373 | D        | Noticed a stone giant
  4393 | D        | Killed a stone giant
  4911 | D        | Noticed a dire elephant
  4911 | D        | Noticed a dire elephant
  4914 | D        | Killed a dire elephant
  4914 | D        | Killed a vault warden
  4917 | D        | Killed a dire elephant
  4926 | D        | Reached XP level 15. HP: 148/162 MP: 7/30
  4944 | D        | Noticed a vault warden
  4949 | D        | Killed a vault warden
  5102 | D        | Noticed Boris
  5117 | D        | Killed Boris
  5171 | D        | Found the +3 pair of mountain boots {steadfast, rC+}
  5379 | D        | Got a decaying rune of Zot
  5547 | D        | Noticed a nagaraja
  5557 | D        | Noticed a nagaraja
  5565 | D        | Killed a nagaraja
  5566 | D        | Killed a nagaraja
  5744 | D        | Got a serpentine rune of Zot
  5781 | D        | Noticed an emperor scorpion
  5781 | D        | Noticed an emperor scorpion
  5782 | D        | Killed a ghost moth
  5798 | D        | Killed an emperor scorpion
  5806 | D        | Killed an emperor scorpion
  5808 | D        | Noticed an emperor scorpion
  5811 | D        | Killed an emperor scorpion
  5813 | D        | Noticed an emperor scorpion
  5823 | D        | Killed a ghost moth
  5855 | D        | Killed an emperor scorpion
  5981 | D        | Got a gossamer rune of Zot
  6745 | D        | Bought a potion of heal wounds for 60 gold pieces
  6745 | D        | Bought a potion of lignification for 36 gold pieces
  6745 | D        | Bought a potion of heal wounds for 60 gold pieces
  6745 | D        | Bought a potion of curing for 36 gold pieces
  6747 | D        | Bought a potion of heal wounds for 50 gold pieces
  6747 | D        | Bought a potion of curing for 30 gold pieces
  6749 | D        | Bought a potion of lignification for 60 gold pieces
  6749 | D        | Bought an inky potion for 18 gold pieces
  6749 | D        | Bought a scroll of fear for 80 gold pieces
  7417 | D        | Noticed Ilsuiw
  7427 | D        | Reached XP level 16. HP: 177/177 MP: 33/33
  7435 | D        | Reached skill level 27 in Axes
  7442 | D        | Killed Ilsuiw
  7560 | D        | Got a barnacled rune of Zot
  7602 | D        | Noticed Mennas
  7639 | D        | Killed Mennas
  7640 | D        | Reached skill level 27 in Invocations
  8145 | D        | Reached skill level 27 in Fighting
  8209 | D        | Noticed a quicksilver dragon
  8212 | D        | Killed a quicksilver dragon
  8245 | D        | Noticed a shadow dragon
  8247 | D        | Noticed a shadow dragon
  8248 | D        | Noticed a sphinx
  8259 | D        | Killed a sphinx
  8259 | D        | Killed a shadow dragon
  8260 | D        | Reached skill level 27 in Armour
  8260 | D        | Reached skill level 27 in Shields
  8260 | D        | Reached skill level 5 in Dodging
  8260 | D        | Reached XP level 17. HP: 166/191 MP: 25/34
  8557 | D        | Noticed a lich
  8579 | D        | Killed a lich
  8580 | D        | Reached skill level 10 in Dodging
  8747 | D        | Got a silver rune of Zot
  8757 | D        | Noticed Jory
  8776 | D        | Killed Jory
  8820 | D        | Noticed Mara
  8831 | D        | Noticed BigDaddyOpFi's illusion
  8846 | D        | Killed Mara
  8965 | D        | Got the ring "Myitaosko" {rF+ Dex+5 Slay+3}
  8967 | D        | Got the ring "Mawa" {Wiz Str+7}
  8969 | D        | Got the ring of Diriagg {Fire Will+ Int+3 Stlth-}
  8971 | D        | Got the ring of the Moon {Wiz +Blink Str-2 Dex+7}
  8973 | D        | Got the ring "Pexkup" {EV+3 Dex+4}
  9012 | D        | Got the +0 pair of gloves of the Silversmith {Slay+3}
  9133 | D        | Noticed Margery
  9148 | D        | Killed Margery
  9149 | D        | Reached skill level 15 in Dodging
  9314 | D        | Noticed a bone dragon
  9314 | D        | Noticed a bone dragon
  9330 | D        | Killed a bone dragon
  9338 | D        | Killed a bone dragon
  9498 | D        | Noticed a tentacled monstrosity
  9498 | D        | Noticed a golden dragon
  9501 | D        | Killed a tentacled monstrosity
  9508 | D        | Killed a golden dragon
  9729 | D        | Noticed a death cob
  9734 | D        | Killed a death cob
  9736 | D        | Reached XP level 18. HP: 200/200 MP: 19/35
 10064 | D        | Noticed a tentacled monstrosity
 10064 | D        | Noticed a tentacled monstrosity
 10066 | D        | Killed a tentacled monstrosity
 10076 | D        | Killed a tentacled monstrosity
 10403 | D        | Noticed an Orb Guardian
 10403 | D        | Noticed an Orb Guardian
 10403 | D        | Noticed an Orb Guardian
 10403 | D        | Noticed an Orb Guardian
 10403 | D        | Noticed an Orb Guardian
 10403 | D        | Noticed an Orb Guardian
 10404 | D        | Killed an Orb Guardian
 10404 | D        | Killed an Orb Guardian
 10404 | D        | Killed an Orb Guardian
 10404 | D        | Killed an Orb Guardian
 10404 | D        | Noticed an Orb Guardian
 10405 | D        | Killed an Orb Guardian
 10405 | D        | Killed an Orb Guardian
 10409 | D        | Killed an Orb Guardian
 10409 | D        | Noticed an Orb Guardian
 10410 | D        | Noticed an Orb Guardian
 10411 | D        | Killed an Orb Guardian
 10411 | D        | Killed an Orb Guardian
 10411 | D        | Killed an Orb Guardian
 10412 | D        | Reached skill level 27 in Dodging
 10587 | D        | Noticed a tentacled monstrosity
 10587 | D        | Noticed an Orb Guardian
 10587 | D        | Noticed an Orb Guardian
 10589 | D        | Killed an Orb Guardian
 10589 | D        | Killed a tentacled monstrosity
 10590 | D        | Reached skill level 10 in Evocations
 10593 | D        | Noticed an Orb Guardian
 10594 | D        | Killed an Orb Guardian
 10595 | D        | Noticed an Orb Guardian
 10607 | D        | Killed an Orb Guardian
 10609 | D        | Killed an Orb Guardian
 10763 | D        | Noticed an ancient lich
 10769 | D        | Killed an ancient lich
 10770 | D        | Reached skill level 15 in Evocations
 10872 | D        | Noticed an orb of fire
 10881 | D        | Killed an orb of fire
 10947 | D        | Noticed an electric golem
 10954 | D        | Killed an electric golem
 10988 | D        | Noticed an orb of fire
 10988 | D        | Noticed an electric golem
 10988 | D        | Noticed an orb of fire
 10988 | D        | Noticed a Killer Klown
 10991 | D        | Noticed an orb of fire
 10991 | D        | Killed an orb of fire
 10991 | D        | Killed an electric golem
 10997 | D        | Gained mutation: Your body sometimes deteriorates upon
                  | taking damage. [an orb of fire]
 11000 | D        | Killed an orb of fire
 11000 | D        | Killed a Killer Klown
 11000 | D        | Killed an orb of fire
 11001 | D        | Reached XP level 19. HP: 207/207 MP: 15/36
 11003 | D        | Noticed a golden dragon
 11009 | D        | Killed a golden dragon
 11011 | D        | Noticed a golden dragon
 11025 | D        | Killed a golden dragon
 11029 | D        | Noticed a Killer Klown
 11035 | D        | Noticed an ancient lich
 11046 | D        | Killed an ancient lich
 11049 | D        | Killed a Killer Klown
 11287 | D        | Reached skill level 27 in Evocations
 11296 | D        | Reached skill level 10 in Stealth
 11423 | D        | Noticed an ancient lich
 11430 | D        | Noticed an ancient lich
 11435 | D        | Killed an ancient lich
 11436 | D        | Reached skill level 15 in Stealth
 11446 | D        | Killed an ancient lich
 12068 | D        | Reached XP level 20. HP: 216/216 MP: 24/37
 12115 | D        | Got an elven rune of Zot
 12143 | D        | Noticed the Royal Jelly
 12148 | D        | Killed the Royal Jelly
 12201 | D        | Got a slimy rune of Zot
 12415 | D        | Reached skill level 27 in Stealth
 12419 | D        | Reached skill level 10 in Unarmed Combat
 12702 | D        | Noticed a royal mummy
 12708 | D        | Reached skill level 15 in Unarmed Combat
 12725 | D        | Killed a royal mummy
 13046 | D        | Noticed a royal mummy
 13059 | D        | Killed a royal mummy
 13446 | D        | Noticed a royal mummy
 13446 | D        | Noticed a royal mummy
 13448 | D        | Killed a royal mummy
 13455 | D        | Noticed a royal mummy
 13461 | D        | Killed a royal mummy
 13503 | D        | Killed a royal mummy
 14060 | D        | Got a golden rune of Zot
 14065 | D        | Noticed a bone dragon
 14071 | D        | Killed a bone dragon
 14212 | D        | Got an abyssal rune of Zot
 14355 | D        | Noticed Geryon
 14373 | D        | Killed Geryon
 14577 | D        | Noticed Gloorx Vloq
 14577 | D        | Noticed Ereshkigal
 14577 | D        | Noticed Mnoleg
 14581 | D        | Killed Mnoleg
 14583 | D        | Found the +7 sceptre of Asmodeus
 14583 | D        | Noticed Asmodeus
 14946 | D        | Noticed a Tzitzimitl
 14947 | D        | Noticed a Tzitzimitl
 14958 | D        | Paralysed by Ereshkigal for 5 turns
 14965 | D        | Noticed a Tzitzimitl
 14966 | D        | Killed Ereshkigal
 14967 | D        | Reached skill level 27 in Unarmed Combat
 14967 | D        | Reached XP level 21. HP: 29/224 MP: 29/38
 18204 | D        | Killed Gloorx Vloq
 18915 | D        | Killed Asmodeus
 18916 | D        | Reached skill level 10 in Spellcasting
 19216 | D        | Got a bone rune of Zot
 19221 | D        | Noticed Lom Lobon
 19222 | D        | Found the +4 staff of Dispater
 19222 | D        | Noticed Dispater
 19226 | D        | Got a dark rune of Zot
 19242 | D        | Found the +6 sword of Cerebov {flame}
 19242 | D        | Noticed Cerebov
 19258 | D        | Noticed Antaeus
 19258 | D        | Demolished by Dispater

Illustrated notes

Levels and vault maps discovered:
D:        linesprint [early_d, line_temple, items_1, d_10, items_2, lair_1,
          lair_end, items_3, orc_1, orc_end, items_4, d_15, swamp_1, shoals_1,
          snake_1, spider_1, d_20, vaults_1, items_5, swamp_end, shoals_end,
          snake_end, spider_end, vaults_end, d_27, items_6, zot_1, zot_end,
          crypt_end, forest_end, elf_end, slime_end, tomb_end, abyss_end,
          pan_hell_end]

Skill      XL: |  1  2  3  4  5  6  7  8  9 10 11 12 13 14 15 16 17 18 19 20 21 |
---------------+----------------------------------------------------------------+-----
Axes           | 3 5 6 9 10 12 13 15 17 19 22 24 26 27 | 27.0
Fighting       | 4 5 6 8 9 10 11 12 14 16 18 20 22 24 27 | 27.0
Armour         | 4 5 6 8 9 10 11 13 15 16 19 20 23 27 | 27.0
Shields        | 4 5 6 8 9 10 11 13 15 16 19 20 23 27 | 27.0
Invocations    | 6 7 8 10 12 14 16 18 21 23 26 27 | 27.0
Dodging        | 5 22 27 | 27.0
Evocations     | 22 27 | 27.0
Stealth        | 21 27 | 27.0
Unarmed Combat | 27 | 27.0
Spellcasting   | 3 10 | 10.9

Action                   |  1- 3 |  4- 6 |  7- 9 | 10-12 | 13-15 | 16-18 | 19-21 || total
-------------------------+-------+-------+-------+-------+-------+-------+-------++-------
Melee: War axe           |    33 |     8 |       |       |       |       |       ||    41
       Broad axe         |       |     5 |    44 |   238 |   298 |   443 |   251 ||  1279
Invok: Upheaval          |       |       |     1 |     4 |     4 |     2 |    28 ||    39
       Disaster Area     |       |       |       |     9 |    21 |    27 |    31 ||    88
Evoke: Wand              |       |     2 |     2 |       |       |       |    16 ||    20
       Horn of Geryon    |       |       |       |       |       |       |     1 ||     1
       Box of beasts     |       |       |       |       |       |       |     1 ||     1
  Use: Potion            |       |       |     1 |     2 |     6 |     2 |    31 ||    42
       Scroll            |       |       |       |     2 |     6 |     8 |     9 ||    25
 Stab: Confused          |       |       |       |       |       |     1 |       ||     1
Armor: Scale mail        |    10 |     3 |    13 |       |       |       |       ||    26
       Chain mail        |       |       |       |    22 |       |       |       ||    22
       Plate armour      |       |       |       |    14 |    32 |       |       ||    46
       Gold dragon scale |       |       |       |       |    27 |    55 |    32 ||   114
Dodge: Dodged            |    14 |     8 |    14 |    27 |    33 |    59 |    46 ||   201
       Repelled          |       |       |       |       |     1 |     5 |       ||     6
Block: Buckler           |     6 |     1 |    15 |    74 |       |       |       ||    96
       Tower shield      |       |       |       |    19 |   248 |   276 |   220 ||   763
       Reflection        |       |       |       |       |       |     4 |       ||     4

Table legend: (Time is in decaauts) A = Elapsed time spent in this place. B = Non-inter-level travel time spent in this place. C = Inter-level travel time spent in this place. D = Time resting spent in this place. E = Time spent auto-exploring this place. F = Levels seen in this place. G = Mean time per level. A B C D E F G +--------+--------+--------+--------+--------+-----+--------+ Total | 18541 | 17779 | 762 | 12590 | 0 | 1 | 18541.0 | Dungeon | 18541 | 17779 | 762 | 12590 | 0 | 1 | 18541.0 | +--------+--------+--------+--------+--------+-----+--------+

Top non-repeatable levels by time:
       D: 18541 daAuts
